Map: Backwater LE

Players

Namshar - Winner!

  • Race: Zerg Zerg
  • Spawn Location: 5:00

JonSnow

  • Race: Zerg Zerg
  • Spawn Location: 11:00

Event: WCS Leipzig 2018

VOD

Have the link to the VOD?

Description

Time

  • Played on: Jan. 26, 2018, 9:18 a.m.
  • Length: 12:27

All games in this series

Show
View Real Time Build Order
Export as new Build Order

Namshar Zerg - Winner!

Build Orders: Hatch First 

Get SALT Encoding   

  12  0:01  Drone  
  13  0:12  Overlord  
  13  0:17  Drone  
  14  0:30  Drone x2  
  14  0:34  Drone  
  17  0:51  Hatchery  
  17  0:54  Drone  
  17  0:58  Drone  
  17  1:04  Extractor  
  17  1:13  Spawning Pool  
  17  1:15  Drone  
  17  1:19  Drone  
  18  1:28  Drone  
  19  1:38  Overlord  
  19  1:49  Drone  
  20  1:59  Queen  
  20  2:00  Zergling x2  
  23  2:03  Metabolic Boost  
  23  2:04  Queen  
  23  2:07  Zergling x2  
  26  2:12  Drone  
  26  2:15  Drone  
  28  2:23  Drone  
  28  2:25  Zergling x2  
  30  2:31  Spine Crawler  
  29  2:37  Spine Crawler, Zergling x4  
  27  2:50  Zergling x4  
  30  3:03  Overlord  
  30  3:04  Hatchery  
  30  3:10  Queen  
  30  3:11  Zergling x4  
  35  3:12  Zergling x2  
  35  3:19  Zergling x2  
  35  3:23  Zergling x6  
  35  3:37  Zergling x6  
  35  3:38  Zergling x2  
  35  3:39  Zergling x2  
  40  3:43  Overlord  
  40  3:50  Queen  
  42  3:58  Drone  
  42  3:59  Baneling Nest  
  42  4:01  Drone  
  43  4:04  Drone  
  44  4:13  Zergling x6  
  38  4:17  Zergling x4  
  40  4:26  Drone x3  
  40  4:29  Overlord  
  43  4:40  Drone  
  43  4:41  Drone x2  
  43  4:42  Baneling x4  
  43  4:43  Drone  
  47  4:48  Drone x2  
  47  4:51  Drone  
  50  4:54  Baneling  
  50  4:55  Baneling  
  50  4:57  Drone x2  
  52  5:03  Zergling x4  
  52  5:04  Zergling x2  
  53  5:11  Zergling x4  
  53  5:13  Drone x2  
  49  5:23  Drone x2  
  49  5:25  Drone x4  
  54  5:31  Drone x4  
  58  5:37  Evolution Chamber  
  58  5:40  Drone, Roach Warren  
  58  5:41  Drone  
  58  5:42  Drone  
  59  5:46  Extractor x2  
  57  5:52  Drone  
  57  5:54  Extractor  
  54  6:11  Drone x3  
  55  6:13  Overlord x4  
  55  6:18  Lair  
  55  6:21  Drone, Roach  
  55  6:22  Roach x4  
  55  6:23  Overlord  
  66  6:29  Extractor  
  66  6:30  Overlord  
  65  6:33  Roach x3  
  65  6:34  Spine Crawler  
  65  6:35  Roach  
  72  6:40  Roach  
  72  6:41  Roach  
  72  6:46  Roach  
  78  6:48  Roach x2  
  78  6:52  Zerg Missile Weapons Level 1  
  79  7:01  Drone  
  79  7:02  Drone x6  
  79  7:04  Drone  
  86  7:08  Drone  
  86  7:09  Drone  
  86  7:12  Pneumatized Carapace  
  86  7:14  Drone  
  86  7:15  Extractor  
  88  7:17  Spire  
  88  7:19  Overseer  
  87  7:23  Drone x3  
  87  7:26  Glial Reconstitution  
  87  7:28  Drone  
  91  7:30  Drone x2  
  91  7:32  Drone  
  94  7:38  Drone  
  94  7:39  Drone  
  94  7:41  Drone x2  
  98  7:45  Overlord  
  98  7:46  Overlord  
  98  7:48  Drone  
  99  7:53  Overseer  
  99  7:56  Overlord  
  99  7:58  Hatchery  
  99  8:03  Overlord x2  
  98  8:06  Drone  
  98  8:07  Evolution Chamber  
  98  8:14  Overlord  
  98  8:19  Queen  
  100  8:28  Mutalisk x5  
  100  8:29  Mutalisk x4  
  100  8:33  Mutalisk  
  120  8:43  Zerg Ground Armor Level 1  
  120  8:44  Overlord x2  
  120  8:45  Drone x7  
  120  8:47  Drone  
  128  8:56  Zerg Missile Weapons Level 2  
  128  8:59  Overlord x2  
  128  9:03  Roach x4  
  128  9:08  Roach  
  128  9:09  Roach  
  142  9:10  Roach  
  142  9:16  Roach x4  
  150  9:20  Overseer  
  150  9:22  Roach x3  
  156  9:30  Roach x5  
  166  9:35  Roach x4  
  174  9:41  Roach Warren, Evolution Chamber  
  174  9:42  Drone x2  
  126  10:04  Overlord  
  126  10:05  Extractor x2, Zerg Flyer Weapons Level 1  
  118  10:12  Drone x2, Queen  
  122  10:23  Ravager x4  
  122  10:24  Ravager x2  
  122  10:25  Drone, Hatchery  
  122  10:26  Roach x9  
  122  10:27  Roach x2  
  122  10:28  Hatchery  
  149  10:36  Ravager x2, Roach x3  
  149  10:37  Roach  
  149  10:39  Overseer  
  159  10:45  Roach x3  
  165  10:52  Roach x5  
  175  11:04  Roach x7  
  179  11:06  Roach x3  
  179  11:09  Roach x2  
  199  11:15  Drone, Infestation Pit  
  191  11:34  Roach x4  
  193  11:53  Drone  
  190  11:56  Hydralisk Den  
  190  11:57  Drone x3  
  190  12:00  Ravager, Roach x3  
  199  12:01  Ravager  
  199  12:05  Extractor  
  199  12:06  Extractor  
Show
View Real Time Build Order
Export as new Build Order

JonSnow Zerg 

Build Orders: Pool First 

Get SALT Encoding   

  12  0:00  Drone  
  13  0:12  Overlord  
  13  0:17  Drone  
  14  0:30  Drone x2  
  14  0:35  Drone  
  17  0:39  Extractor  
  16  0:46  Spawning Pool  
  15  0:51  Drone  
  15  0:56  Drone  
  17  1:17  Hatchery  
  16  1:24  Drone  
  17  1:33  Zergling x2  
  17  1:34  Zergling x2  
  19  1:40  Metabolic Boost  
  19  1:43  Zergling x2  
  20  1:49  Queen  
  22  1:56  Overlord  
  22  2:18  Zergling x4  
  24  2:25  Queen  
  26  2:31  Zergling x2  
  26  2:32  Zergling x2  
  26  2:46  Zergling x6  
  29  2:51  Zergling x2  
  29  2:57  Zergling x2  
  31  3:01  Zergling x6, Queen  
  31  3:03  Overlord  
  36  3:08  Overlord  
  36  3:23  Zergling x4  
  36  3:24  Zergling x2  
  39  3:29  Zergling x2  
  39  3:31  Zergling x6  
  36  3:35  Drone x2  
  36  3:38  Drone  
  36  3:39  Drone  
  40  3:44  Drone  
  40  3:47  Drone  
  42  3:53  Drone  
  43  3:59  Drone  
  44  4:05  Drone  
  45  4:10  Drone x3  
  45  4:14  Drone x3  
  45  4:15  Drone  
  43  4:25  Evolution Chamber  
  43  4:27  Roach Warren  
  41  4:32  Evolution Chamber  
  41  4:36  Drone x2  
  41  4:37  Drone  
  43  4:41  Extractor  
  42  4:46  Overlord  
  42  4:51  Zerg Missile Weapons Level 1  
  42  4:52  Overlord  
  42  5:04  Overlord  
  42  5:08  Roach x4, Zergling x2  
  42  5:09  Zergling x2  
  42  5:13  Zergling x2  
  41  5:26  Roach x2  
  45  5:33  Roach  
  45  5:34  Drone x2  
  45  5:35  Drone  
  50  5:46  Roach x2  
  50  5:48  Drone, Queen  
  56  5:59  Drone x2  
  56  6:01  Drone x3  
  61  6:06  Drone  
  61  6:13  Drone x2  
  62  6:21  Extractor, Lair  
  62  6:24  Hatchery  
  60  6:25  Drone  
  60  6:30  Drone x2  
  60  6:31  Drone  
  65  6:32  Drone  
  65  6:39  Drone x2  
  67  6:45  Zerg Ground Armor Level 1, Overlord  
  63  7:02  Roach x6  
  63  7:04  Roach  
  63  7:05  Roach  
  79  7:10  Drone  
  79  7:11  Drone  
  79  7:15  Drone  
  82  7:18  Extractor  
  82  7:19  Zerg Missile Weapons Level 2  
  82  7:21  Drone  
  82  7:24  Drone  
  83  7:32  Glial Reconstitution  
  83  7:35  Drone  
  83  7:36  Drone, Queen  
  87  7:37  Overlord  
  87  7:42  Unknown  
  87  7:44  Overlord x3  
  87  7:50  Overlord  
  87  7:57  Drone x3  
  87  7:58  Drone x3  
  93  8:01  Extractor  
  93  8:02  Roach  
  93  8:04  Overseer  
  94  8:07  Roach  
  94  8:12  Roach  
  104  8:13  Roach x4  
  104  8:18  Roach  
  108  8:21  Roach  
  108  8:22  Overlord  
  108  8:26  Roach  
  112  8:29  Roach x2  
  112  8:30  Roach  
  112  8:32  Ravager x3  
  123  8:34  Roach x2  
  123  8:37  Roach  
  127  8:42  Roach x4  
  127  8:47  Ravager, Overlord  
  136  8:48  Overlord  
  136  8:51  Overlord  
  136  9:06  Spore Crawler  
  136  9:08  Hydralisk Den, Spore Crawler  
  136  9:09  Spore Crawler  
  132  9:13  Drone x3  
  135  9:19  Spore Crawler  
  135  9:22  Spore Crawler  
  129  9:26  Drone x2  
  129  9:27  Drone x2  
  92  9:55  Muscular Augments  
  92  9:58  Hydralisk x7  
  87  10:03  Hydralisk x2  
  75  10:08  Hydralisk x2  
  75  10:11  Roach  
  83  10:14  Roach  
  83  10:15  Roach  
  83  10:18  Hydralisk  
  87  10:24  Hydralisk  
  87  10:25  Hydralisk  
  91  10:29  Roach  
  91  10:32  Roach  
  95  10:36  Roach x3  
  95  10:37  Roach  
  95  10:39  Overlord  
  103  10:43  Roach  
  103  10:45  Roach  
  107  10:56  Hydralisk x2  
  107  10:59  Roach x2  
  107  11:00  Roach x2  
  107  11:02  Overlord  
  119  11:05  Overlord  
  119  11:09  Roach  
  121  11:12  Roach x2  
  121  11:15  Roach  
  121  11:16  Roach  
  129  11:19  Overlord  
  129  11:20  Unknown  
  129  11:23  Ravager x2  
  131  11:29  Unknown x3  
  131  11:32  Hydralisk x5  
  131  11:34  Roach Warren  
  138  11:41  Hydralisk x2  
  141  11:49  Overlord  
  141  11:50  Hydralisk x3  
  145  11:58  Overlord x2  
  141  12:09  Unknown  
  141  12:10  Unknown x2  
Tags
 
Add a new tag
Caveats
  • Supply blocks, unpowered buildings, or Contaminate may cause inaccurate times.
  • Supply counts are checked every 10 seconds.